 Dungeon Crawl Stone Soup version 0.25-a0-246-g58704a1ebd (webtiles) character file.

Game seed: 2080008591689927279, levelgen mode: deterministic

470 Jerej03 the Grave Robber (level 6, -4/41 HPs)
             Began as a Demonspawn Necromancer on Dec 3, 2019.
             Was a Believer of Dithmenos.
             Slain by an ogre
             ... wielding a +0 giant club
              (23 damage)
             ... on level 4 of the Dungeon.
             The game lasted 01:08:18 (3296 turns).

Jerej03 the Grave Robber (Demonspawn Necromancer)   Turns: 3296, Time: 01:08:18

Health: -4/41      AC:  9    Str: 10    XL:     6   Next: 82%
Magic:  0/10       EV: 10    Int: 17    God:    Dithmenos [**....]
Gold:   168        SH:  5    Dex: 13    Spells: 2/11 levels left

rFire    . . .     SeeInvis .   i - +0 long sword (distort)
rCold    . . .     Gourm    .   e - +2 buckler
rNeg     . . .     Faith    .   n - +1 scale mail
rPois    +         Spirit   +   s - +0 helmet
rElec    .         Reflect  .   A - +0 cloak
rCorr    .         Harm     .   (no gloves)
MR       +....                  (no boots)
Stlth    +.........             m - amulet of regeneration
HPRegen  0.53/turn              g - ring of protection from magic
MPRegen  0.12/turn              j - ring of poison resistance

@: very slightly contaminated, wreathed by umbra
A: hooves 1, demonic guardian 1, magic shield, sturdy frame 1
a: Shadow Step, Renounce Religion


You were on level 4 of the Dungeon.
You worshipped Dithmenos.
Dithmenos was pleased with you.
You were not hungry.

You visited 1 branch of the dungeon, and saw 4 of its levels.
You also visited: Sewer.

You collected 168 gold pieces.

Inventory:

Hand Weapons
 i - a +0 long sword of distortion (weapon)
 k - a +2 mace of protection
 x - a +0 scythe
Missiles
 t - 15 arrows
 w - 3 boomerangs (quivered)
Armour
 e - a +2 buckler (worn)
 f - a +2 robe of magic resistance
 n - a +1 scale mail (worn)
 s - a +0 helmet (worn)
 A - a +0 cloak (worn)
Magical Staves
 h - an uncursed staff of wizardry
Jewellery
 g - a ring of protection from magic (left hand)
 j - a ring of poison resistance (right hand)
 m - an amulet of regeneration (around neck)
Scrolls
 o - a scroll of blinking
 y - a scroll of teleportation
 B - a scroll of identify
Potions
 a - 2 potions of agility {unknown}
 b - a potion of heal wounds
 d - a potion of haste
 l - a potion of ambrosia {unknown}
 p - a potion of might
 q - a potion of berserk rage
 r - 4 potions of degeneration {unknown}
 u - 2 potions of curing {unknown}
 z - a potion of cancellation {unknown}
Comestibles
 c - 3 rations
 v - 2 chunks of flesh


   Skills:
 + Level 1.6 Staves
 - Level 0.2 Armour
 + Level 2.8 Dodging
 + Level 2.8 Stealth
 - Level 0.6 Shields
 + Level 3.1 Spellcasting
 + Level 7.1 Necromancy


You had 2 spell levels left.
You knew the following spells:

 Your Spells              Type           Power        Failure   Level  Hunger
a - Pain                  Necr           ####         4%          1    None
b - Animate Skeleton      Necr           N/A          4%          1    None
c - Vampiric Draining     Necr           ####......   16%         3    ###....
d - Animate Dead          Necr           N/A          45%         4    ####...

Your spell library contained the following spells:

 Spells                   Type           Power        Failure   Level  Hunger
 Regeneration             Chrm/Necr      ##........   54%         3    ###....


Dungeon Overview and Level Annotations

Branches:
Dungeon (4/15)              Sewer (visited)
 Temple: D:4-7

Altars:
Dithmenos

Shops:
D:4 [[


Innate Abilities, Weirdness & Mutations

You have large cloven feet.
A weak demonic guardian rushes to your aid.
When hurt, damage is shared between your health and your magic reserves.
Your movements are slightly less encumbered by armour. (ER -2)


Message History

Your adder skeleton is destroyed!
Your shadow imp hits the ogre.
The ogre hits your ball python zombie with a +0 giant club!
Your ball python zombie is destroyed!
Your quokka zombie bites the ogre.
Your shadow imp hits the ogre.
You completely miss the ogre.
The ogre is moderately wounded.
The ogre completely misses you.
An ogre comes into view. It is wielding a +0 giant club.
Your scale mail prevents you from hitting the ogre.
You kick the ogre.
The ogre is heavily wounded.
Your shadow imp hits the ogre.
The ogre hits you with a +0 giant club!
You slash the ogre! You kick the ogre.
The ogre is almost dead.
The ogre blinks!
The ogre hits you with a +0 giant club!!
Ouch! That really hurt!
You die...

#..#####..#..##.# . #.
#...##..#......# #
###.#####....##.#.># ##
...................# #.
........#...##.##..####.
........#..###..##......
........#..# ##....#....
........#..# ####...###
#####@O..# ##..# #
#55### #.[# # #Z.#
###<.# # #....# #....###
#.#.## #.##.... .....#
... ####. #.....# #.##
#. #.....# # ####. #.
...# ##....


You could see an ogre, a friendly white imp, a friendly shadow imp and a
friendly quokka zombie.

Vanquished Creatures
  A hound (D:4)
  Terence (D:3)
  A hound skeleton (D:4)
  8 adders
  A river rat (D:3)
  3 worms
  A dart slug (D:3)
  5 leopard geckos
  6 orcs (D:3)
  5 ball pythons
  7 bats
  2 giant cockroaches
  6 hobgoblins
  5 jackals
  4 kobolds
  A quokka (D:2)
  11 frilled lizards
  2 goblins (D:3)
  8 rats
78 creatures vanquished.

Vanquished Creatures (collateral kills)
  Sigmund (D:3)
  2 bullfrogs (Sewer)
  Jessica (D:3)
  An orc (D:3)
  A giant cockroach (Sewer)
  A hobgoblin (D:1)
  A jackal (D:1)
  A quokka (D:4)
  A frilled lizard (D:1)
  2 kobolds (D:1)
  3 rats
15 creatures vanquished.

Vanquished Creatures (others)
  An adder (D:3)
  A giant cockroach (Sewer)
2 creatures vanquished.

Grand Total: 95 creatures vanquished

Notes
Turn   | Place    | Note
-------+----------+-------------------------------------------
     0 | D:1      | Jerej03 the Demonspawn Necromancer began the quest for the
                  | Orb.
     0 | D:1      | Reached XP level 1. HP: 13/13 MP: 3/3
   144 | D:1      | Learned a level 1 spell: Animate Skeleton
   378 | D:1      | Gained mutation: Your movements are slightly less
                  | encumbered by armour. (ER -2) [demonic ancestry]
   378 | D:1      | Reached XP level 2. HP: 7/19 MP: 3/5
   501 | D:1      | Reached skill level 5 in Necromancy
   655 | D:2      | Found a shadowy altar of Dithmenos.
   665 | D:2      | Became a worshipper of Dithmenos the Shadowed
   996 | D:2      | Reached XP level 3. HP: 23/24 MP: 3/6
  1004 | D:2      | Learned a level 3 spell: Vampiric Draining
  1444 | D:3      | Reached * piety under Dithmenos
  1463 | D:3      | Gained mutation: A weak demonic guardian rushes to your
                  | aid. [demonic ancestry]
  1463 | D:3      | Reached XP level 4. HP: 28/30 MP: 7/7
  1501 | D:3      | Found a faded altar of an unknown god.
  1547 | D:3      | Noticed Terence
  1555 | D:3      | Killed Terence
  1555 | D:3      | Reached skill level 6 in Necromancy
  1752 | D:3      | Noticed Jessica
  1757 | D:3      | Killed Jessica
  1775 | D:3      | Found a glowing drain.
  1808 | Sewer    | Entered a sewer
  1816 | Sewer    | Gained mutation: When hurt, damage is shared between your
                  | health and your magic reserves. [demonic ancestry]
  1816 | Sewer    | Reached XP level 5. HP: 35/35 MP: 5/8
  1956 | Sewer    | Reached ** piety under Dithmenos
  2479 | D:3      | Noticed Sigmund
  2743 | D:3      | Gained mutation: You have large cloven feet. [demonic
                  | ancestry]
  2743 | D:3      | Reached XP level 6. HP: 41/41 MP: 10/10
  2769 | D:3      | Reached skill level 1 in Staves
  2871 | D:3      | Killed Sigmund
  2871 | D:3      | Reached skill level 7 in Necromancy
  3052 | D:4      | Learned a level 4 spell: Animate Dead
  3065 | D:4      | Found Cauroneza's Antique Armour Emporium.
  3102 | D:4      | Found Tuig's Armour Emporium.
  3296 | D:4      | Slain by an ogre

Levels and vault maps discovered:
D:1:      minmay_arrival_widening_spiral_wide, layout_loops_ring
D:2:      layout_basic, grunt_dithmenos_smoke
D:3:      layout_loops_ring, portal_sewer_entry_b,
          chequers_ecumenical_altar_simple, kennysheep_cluttered_room,
          minmay_unequal, uniq_sigmund, uniq_terence, uniq_jessica
D:4:      layout_rooms, marbit_many_paths, gammafunk_temple_overflow_elements,
          first_ration, serial_shops, shop_statue, nicolae_shop_stone, shop,
          shop, shop

Skill      XL: |  1  2  3  4  5  6 |
---------------+-------------------+-----
Necromancy     | 5 6 7 |  7.1
Dodging        | 2 |  2.8
Stealth        | 2 |  2.8
Staves         | 1 |  1.6
Spellcasting   | 3 |  3.1
Armour         | |  0.2
Shields        | |  0.6

Action                   |  1- 3 |  4- 6 || total
-------------------------+-------+-------++-------
Melee: Unarmed           |    10 |       ||    10
       Staff             |     5 |       ||     5
       Hand axe          |     3 |       ||     3
       Long sword        |     8 |    87 ||    95
       Kick              |       |     7 ||     7
Throw: Boomerang         |       |     1 ||     1
 Cast: Pain              |    43 |    29 ||    72
       Animate Skeleton  |    16 |    21 ||    37
       Vampiric Draining |     3 |     7 ||    10
       Animate Dead      |       |     1 ||     1
  Use: Scroll            |     6 |     2 ||     8
       Potion            |     3 |       ||     3
  Eat: Chunk             |     2 |     4 ||     6
       Ration            |       |     2 ||     2
Armor: Leather armour    |    10 |       ||    10
       Skin              |    46 |       ||    46
       Scale mail        |    10 |    34 ||    44
Dodge: Dodged            |    38 |    52 ||    90
Block: Buckler           |    31 |    37 ||    68
       Rpst.: Long sword |     1 |    16 ||    17

Table legend:
 A = Non-vault XP
 B = Vault XP
 C = Vault XP percentage of total XP
 D = Non-vault monster count
 E = Vault monster count
 F = Vault count percentage of total count
                 A         B        C        D         E       F
            +---------+---------+-------+---------+---------+-------
      Total |     232 |     440 |  65.5 |      66 |      29 |  30.5
            +---------+---------+-------+---------+---------+-------
        D:1 |      23 |       0 |   0.0 |      16 |       0 |   0.0
        D:2 |      53 |       0 |   0.0 |      21 |       0 |   0.0
        D:3 |      79 |     255 |  76.3 |      22 |       9 |  29.0
        D:4 |      77 |       0 |   0.0 |       7 |       0 |   0.0
      Sewer |       0 |     185 | 100.0 |       0 |      20 | 100.0
            +---------+---------+-------+---------+---------+-------
